 Dungeon Crawl Stone Soup version 0.20.1-1-g8b1a95d (webtiles) character file.

119 gobwax the Sneak (level 5, -4/34 HPs)
             Began as an Octopode Assassin on July 21, 2017.
             Slain by Crazy Yiuf
             ... wielding a +3 quarterstaff of chaos
              (11 damage)
             ... on level 2 of the Dungeon.
             The game lasted 00:02:51 (2013 turns).

gobwax the Sneak (Octopode Assassin)                Turns: 2013, Time: 00:02:52

Health: -4/34      AC:  1    Str: 10    XL:     5   Next: 3%
Magic:  5/5        EV: 13    Int: 14    God:
Gold:   130        SH:  0    Dex: 14    Spells: 4/4 levels left

rFire    . . .     SeeInvis .   a - +2 dagger
rCold    . . .     Gourm    .   (no shield)
rNeg     . . .     Faith    .   (helmet restricted)
rPois    .         Spirit   .   (no amulet)
rElec    .         Reflect  .   (no ring)
rCorr    .         Harm     .   (no ring)
MR       .....                  (no ring)
Stlth    +++++.....             (no ring)
Regen    0.2/turn               (no ring)
MPRegen  0.1/turn               (no ring)
                                (no ring)
                                (no ring)

@: lethally poisoned (-4 -> -29), hasted, very quick
A: almost no armour, stealthy swim, amphibious, 8 rings, constrict 8, camouflage
1, gelatinous body 1
a: no special abilities


You were on level 2 of the Dungeon.
You were not hungry.

You visited 1 branch of the dungeon, and saw 2 of its levels.

You collected 130 gold pieces.

Inventory:

Hand Weapons
 a - a +2 dagger (weapon)
 b - a +0 blowgun
Missiles
 c - 22 poisoned needles
 d - 2 curare-tipped needles
 o - 3 poisoned tomahawks (quivered)
Jewellery
 p - an uncursed amulet of rage {unknown}
Scrolls
 e - 4 scrolls of identify {unknown}
 l - a scroll of recharging {unknown}
 m - 2 scrolls of remove curse {unknown}
Potions
 g - 2 potions of curing {unknown}
 h - 2 potions of haste
 j - a potion of heal wounds {unknown}
 n - 2 potions of mutation {unknown}
 q - a potion of resistance {unknown}
Comestibles
 f - 2 bread rations
 i - 2 meat rations
 k - a royal jelly


   Skills:
 + Level 2.1 Fighting
 + Level 2.5 Short Blades
 + Level 2.2 Throwing
 + Level 1.4 Dodging
 + Level 7.7 Stealth


You had 4 spell levels left.
You didn't know any spells.

Dungeon Overview and Level Annotations

Branches:
Dungeon (2/15)

Altars:
Elyvilon
Hepliaklqana
Okawaru
Trog

Annotations:
D:2 Crazy Yiuf


Innate Abilities, Weirdness & Mutations

You cannot wear most types of armour.
You are very stealthy in the water. (Stealth+)
You are amphibious.
You can wear up to eight rings at the same time.
You can use your tentacles to constrict eight enemies at once.
Your skin changes colour to match your surroundings (Stealth+).
Your rubbery body absorbs attacks. (AC +1, EV +1)


Message History

Found a mace.
Crazy Yiuf shouts!
There is an open door here.
Crazy Yiuf hits you with a quarterstaff of chaos!
You are poisoned.
You hit Crazy Yiuf. You grab Crazy Yiuf.
Crazy Yiuf is lightly wounded.
You constrict Crazy Yiuf.
You feel sick.
Crazy Yiuf hits you with a quarterstaff of chaos!
You are more poisoned.
You hit Crazy Yiuf but do no damage. You squeeze Crazy Yiuf.
Crazy Yiuf is heavily wounded.
You constrict Crazy Yiuf, but do no damage.
* * * LOW HITPOINT WARNING * * *
You feel sick.
It was a potion of haste.
You feel yourself speed up.
You constrict Crazy Yiuf.
* * * LOW HITPOINT WARNING * * *
You feel very sick.
Crazy Yiuf hits you with a quarterstaff of chaos!
You die...

♣....♣
#......#
# ♣...♣♣
#......#
♣♣.♣♣
#......#
♣.♣♣
#......#
♣♣.♣
#......#
♣.♣♣
#......#
♣♣.♣
#[.....#
##'##
#####'##
#.@.#
#<#
#.g.#
#.#
#..)#
###
#####


You could see Crazy Yiuf.

Vanquished Creatures
  An orc priest (D:2)
  An orc wizard (D:2)
  An adder (D:2)
  An ooze (D:1)
  2 worms (D:2)
  A dart slug (D:1)
  A leopard gecko (D:2)
  4 orcs (D:2)
  2 bats
  3 goblins
  5 hobgoblins (D:2)
  2 jackals (D:1)
  A ball python (D:2)
  5 frilled lizards
  6 kobolds
  9 rats
45 creatures vanquished.

Notes
Turn   | Place    | Note
-------+----------+-------------------------------------------
     0 | D:1      | gobwax the Octopode Assassin began the quest for the Orb.
     0 | D:1      | Reached XP level 1. HP: 14/14 MP: 1/1
   280 | D:1      | Reached XP level 2. HP: 8/19 MP: 2/2
   681 | D:1      | Reached skill level 6 in Stealth
  1090 | D:1      | Reached XP level 3. HP: 24/24 MP: 3/3
  1133 | D:2      | Found a hazy altar of Hepliaklqana.
  1478 | D:2      | Reached skill level 7 in Stealth
  1478 | D:2      | Reached XP level 4. HP: 16/29 MP: 4/4
  1752 | D:2      | Found a bloodstained altar of Trog.
  1755 | D:2      | Found a white marble altar of Elyvilon.
  1758 | D:2      | Found an iron altar of Okawaru.
  1934 | D:2      | Reached XP level 5. HP: 28/34 MP: 5/5
  2004 | D:2      | Found a runed door.
  2008 | D:2      | Noticed Crazy Yiuf
  2013 | D:2      | Slain by Crazy Yiuf

Skill      XL: |  1  2  3 |
---------------+----------+-----
Stealth        | 6 7 |  7.7
Fighting       | |  2.1
Short Blades   | |  2.5
Throwing       | |  2.2
Dodging        | |  1.4

Action                   |  1- 3 |  4- 6 || total
-------------------------+-------+-------++-------
Melee: Dagger            |    65 |    28 ||    93
       Tentacles         |    17 |     7 ||    24
       Constrict         |    11 |     8 ||    19
  Use: Potion            |       |     1 ||     1
 Stab: Sleeping          |    10 |     3 ||    13
  Eat: Chunk             |     1 |     2 ||     3
Armor: Skin              |     1 |       ||     1
Dodge: Dodged            |    40 |     7 ||    47
